 Dungeon Crawl Stone Soup version 0.32-a0-656-g3542139ebd (webtiles) character file.

Game seed: 4646260195280948939

77 ragingrage the Chucker (level 3, 0/26 HPs)
             Began as a Demigod Wanderer on Mar 9, 2024.
             Splashed by a jelly's acid (9 damage)
             ... on level 3 of the Dungeon.
             The game lasted 00:01:53 (2626 turns).

ragingrage the Chucker (Demigod Wanderer)           Turns: 2626, Time: 00:01:53

Health: 0/26       AC:  2    Str: 12    XL:     3   Next: 92%
Magic:  6/6        EV: 11    Int: 16    God:
Gold:   182        SH:  0    Dex: 16    Spells: 3/4 levels left

rFire   . . .        i - +1 quarterstaff (spect)
rCold   . . .        (shield currently unavailable)
rNeg    . . .        e - +0 robe
rPois   .            (no helmet)
rElec   .            (no cloak)
rCorr   .            (no gloves)
SInv    .            (no boots)
Will    .....        (no amulet)
Stlth   +            (no ring)
HPRegen 0.24/turn    (no ring)
MPRegen 0.10/turn

%: no passive effects
@: no status effects
A: high MP 1, forlorn, divine attributes
a: no special abilities


You were on level 3 of the Dungeon.
You visited 1 branch of the dungeon, and saw 3 of its levels.

You collected 182 gold pieces.

Inventory:

Hand Weapons
 a - a +0 dagger
 i - a +1 spectral quarterstaff (weapon)
 n - a +0 sling
 q - a +0 whip of freezing
Missiles
 b - 8 boomerangs
Armour
 c - a +0 buckler of protection
 e - a +0 robe (worn)
Scrolls
 d - a scroll of fear
 g - 2 scrolls of identify {unknown}
 j - a scroll of enchant weapon {unknown}
 l - 2 scrolls of teleportation {unknown}
 m - 2 scrolls of immolation {unknown}
 p - a scroll of fog {unknown}
 r - a scroll of enchant armour {unknown}
Potions
 f - a potion of attraction {unknown}
 h - a potion of resistance {unknown}
 k - 2 potions of haste {unknown}
 o - a potion of cancellation {unknown}


   Skills:
 - Level 1.1 Short Blades
 + Level 2.1 Staves
 - Level 3.6 Throwing
 - Level 2.6 Shields
 - Level 1.0 Spellcasting
 - Level 2.9 Necromancy


You had 3 spell levels left.
You knew the following spells:

 Your Spells              Type           Power      Damage    Failure   Level
a - Necrotise             Necr           40%        1d6       7%          1

Your spell library contained the following spells:

 Spells                   Type           Power      Damage    Failure   Level
 Fugue of the Fallen      Necr           10%        N/A       21%         3


Dungeon Overview and Level Annotations

Branches:
Dungeon (3/15)

Annotations:
D:3 1 transporter


Innate Abilities, Weirdness & Mutations

You have an increased reservoir of magic. (+10% MP)
You shall have no god before yourself.
Your divine heritage dramatically boosts your attributes as you level up.


Message History

A ball python comes into view.
The ball python hisses angrily.
There are monsters nearby!
You closely miss the ball python.
Your +1 spectral quarterstaff hits the ball python.
The giant cockroach misses your +1 spectral quarterstaff.
The ball python bites your +1 spectral quarterstaff but does no damage.
There are monsters nearby!
You catch the helpless ball python completely off-guard!
You sock the ball python!
You kill the ball python!
Your +1 spectral quarterstaff disappears.
The giant cockroach bites you but does no damage.
A giant cockroach is nearby!
You hit the giant cockroach.
Your +1 spectral quarterstaff closely misses the giant cockroach.
The giant cockroach bites you but does no damage.
A giant cockroach is nearby!
You hit the giant cockroach.
You kill the giant cockroach!
Your +1 spectral quarterstaff disappears.
There is a stone staircase leading up here.
You now have 182 gold pieces (gained 16).
Found a stone staircase leading down.
No target in view!
No target in view!
A jelly comes into view.
There is a stone staircase leading down here.
A jelly is nearby!
A jelly is nearby!
The jelly quivers.
The gnoll shouts!
The jelly hits you but does no damage.
You sock the jelly!
Your hands burn!
Your +1 spectral quarterstaff hits the jelly.
Your +1 spectral quarterstaff is burned by acid!
Your spectral weapon shares its damage with you!
The jelly hits you.
You are splashed with acid!
The jelly hits you.
You are splashed with acid!
You die...

.##.# ..#.# .#..≈≈.
.©#g+ .#©.~~. ..#.#
#..≈≈.## .##g# .##.≈≈..#
.#..# ..#.≈≈..# .##.#
.##.≈≈..# ..#.#
g#..≈≈(J# ###.# +##
##≈≈.@# #.......
..g#≈≈..#
##.###g###.##≈≈..#
#..#ß###ß#..#≈≈..#######
####.....####≈≈..>.....#
≈≈≈≈≈≈~≈≈≈≈≈≈≈≈.######.#
≈≈≈≈≈≈~≈≈≈≈≈≈≈≈. #.#
................ #####.#
##..#.......#### #.....#


You could see a jelly, 2 gnolls and a friendly +1 spectral quarterstaff.

Vanquished Creatures
  An adder (D:2)
  A ribbon worm (D:3)
  5 orcs (D:3)
  4 endoplasms
  2 giant cockroaches
  4 goblins
  5 hobgoblins
  A jackal (D:1)
  3 quokkas
  8 ball pythons
  6 bats
  8 frilled lizards
  5 kobolds
  A rat (D:1)
54 creatures vanquished.

Vanquished Creatures (collateral kills)
  An endoplasm (D:1)
  2 jackals (D:1)
3 creatures vanquished.

Grand Total: 57 creatures vanquished

Notes
Turn   | Place    | Note
-------+----------+-------------------------------------------
     0 | D:1      | ragingrage the Demigod Wanderer began the quest for the
                  | Orb.
     0 | D:1      | ragingrage set off with the following items: a +0 dagger, 8
                  | boomerangs, a +0 buckler of protection, a scroll of fear, a
                  | +0 robe; and the following spell memorised: Necrotise; and
                  | the following spells available to memorise: Fugue of the
                  | Fallen.
     0 | D:1      | Reached XP level 1. HP: 14/14 MP: 4/4
   417 | D:1      | Reached XP level 2. HP: 20/20 MP: 1/5
   812 | D:1      | Reached skill level 1 in Short Blades
  1458 | D:1      | Reached XP level 3. HP: 15/26 MP: 1/6
  1815 | D:2      | Reached skill level 1 in Staves
  2245 | D:3      | Found a transporter.
  2626 | D:3      | Splashed by a jelly's acid

Illustrated notes

Levels and vault maps discovered:
D:1:      ncdulo_watergridlock, layout_loops_corners, hangedman_decor_points,
          minmay_lizard_pond
D:2:      layout_basic, basic_altar, minmay_misc_feat_doors
D:3:      layout_loops_ring, gammafunk_ghost_gnarly_gnolls

Skill      XL: |  1  2  3 |
---------------+----------+-----
Necromancy     | 2 |  2.9
Short Blades   | 1 |  1.1
Staves         | 2 |  2.1
Throwing       | |  3.6
Shields        | |  2.6
Spellcasting   | |  1.0

Action                     || total
---------------------------++-------
  Melee: Dagger            ||    42
         Quarterstaff      ||    47
  Throw: Boomerang         ||     3
   Cast: Necrotise         ||    44
   Stab: Distracted        ||     1
         Sleeping          ||     1
 Armour: Robe              ||    78
  Dodge: Dodged            ||    54
  Block: Buckler           ||    16

Table legend: (Time is in decaauts)
 A = Elapsed time spent in this place.
 B = Non-inter-level travel time spent in this place.
 C = Inter-level travel time spent in this place.
 D = Time resting spent in this place.
 E = Time spent auto-exploring this place.
 F = Levels seen in this place.
 G = Mean time per level.
                   A        B        C        D        E       F      G
               +--------+--------+--------+--------+--------+-----+--------+
         Total |   2639 |   2502 |    137 |    287 |   1862 |   3 |  879.7 |
       Dungeon |   2639 |   2502 |    137 |    287 |   1862 |   3 |  879.7 |
               +--------+--------+--------+--------+--------+-----+--------+

Top non-repeatable levels by time:
     D:1: 1594 daAuts
     D:2: 576 daAuts
     D:3: 467 daAuts
